 Dungeon Crawl Stone Soup version 0.23.0 (webtiles) character file.

Game seed: 6245602843961718274

47 TheGoonsmith the Cutter (level 3, -4/24 HPs)
             Began as a Kobold Abyssal Knight on Feb 15, 2019.
             Was a Follower of Lugonu.
             Slain by a centaur (8 damage)
             ... on level 2 of the Dungeon.
             The game lasted 00:02:36 (1558 turns).

TheGoonsmith the Cutter (Kobold Abyssal Knight)     Turns: 1558, Time: 00:02:37

Health: -4/24      AC: 10    Str: 10    XL:     3   Next: 97%
Magic:  4/4        EV: 13    Int: 18    God:    Lugonu [*.....]
Gold:   71         SH:  0    Dex: 14    Spells: 2/2 levels left

rFire    . . .     SeeInvis .   a - +1 short sword
rCold    . . .     Gourm    .   (shield restricted)
rNeg     . . .     Faith    .   p - +3 ring mail
rPois    .         Spirit   .   d - +0 helmet
rElec    .         Reflect  .   j - +0 cloak
rCorr    .         Harm     .   (no gloves)
MR       .....                  (no boots)
Stlth    +.........             (no amulet)
HPRegen  0.08/turn              (no ring)
MPRegen  0.09/turn              (no ring)

@: brilliant
A: small, carnivore
a: Depart the Abyss, Renounce Religion


You were on level 2 of the Dungeon.
You worshipped Lugonu.
Lugonu was aware of your devotion.
You were very hungry.

You visited 1 branch of the dungeon, and saw 2 of its levels.
You visited the Abyss 1 time.

You collected 71 gold pieces.

Inventory:

Hand Weapons
 a - a +1 short sword (weapon)
Missiles
 f - 28 poisoned needles
Armour
 b - a +0 leather armour
 d - a +0 helmet (worn)
 e - a +0 ring mail
 h - a scarf of resistance
 j - a +0 cloak (worn)
 p - a +3 ring mail (worn)
Jewellery
 r - an uncursed amulet of the acrobat {unknown}
Scrolls
 g - a scroll of identify {unknown}
 l - a scroll of blinking {unknown}
 n - a scroll of noise {unknown}
Potions
 i - a potion of mutation {unknown}
 k - a potion of heal wounds {unknown}
 m - a potion of magic
 q - a potion of curing {unknown}
Comestibles
 c - 8 rations


   Skills:
 + Level 3.8 Fighting
 * Level 4.1 Short Blades
 - Level 0.7 Armour
 + Level 3.2 Dodging
 - Level 2.0 Invocations


You had 2 spell levels left.
You didn't know any spells.
Your spell library contained the following spells:

 Spells                   Type           Power        Failure   Level  Hunger
 Corona                   Hex            ##.....      7%          1    ##.....
 Ensorcelled Hibernation  Hex/Ice        ##....       10%         2    ###....
 Confuse                  Hex            ##......     17%         3    ####...
 Dazzling Spray           Conj/Hex       ##....       17%         3    ####...
 Tukima's Dance           Hex            ##......     17%         3    ####...


Dungeon Overview and Level Annotations

Branches:
Dungeon (2/15)

Altars:


Innate Abilities, Weirdness & Mutations

You are small and have problems with some larger weapons.
You are carnivorous and can eat meat at any time.


Message History

The centaur hits you but does no damage.
You barely miss the centaur. The centaur barely misses you.
You hit the centaur.
The centaur is lightly wounded.
The centaur hits you but does no damage.
You hit the centaur but do no damage.
The centaur is lightly wounded.
The centaur hits you but does no damage.
The centaur hits you!
* * * LOW HITPOINT WARNING * * *
You completely miss the centaur.
The centaur is lightly wounded.
The centaur closely misses you.
It was a potion of magic.
Magic courses through your body.
The centaur hits you but does no damage.
It was a potion of brilliance.
You feel clever all of a sudden.
The centaur hits you but does no damage.
The centaur hits you!
You die...

#...(....# #.....# #
####.(...# #.#(#.#
#.((..# #...#.# ###(###
#..##.# #.:.# #.....#
#.gc# ##.#### #...#
#.#.## #
###...##########....####
......c@.(((.........<.+
###...###########...####
##.## ##..# # # ##.# #.#
#.# #.# ###.## #....#


You could see a centaur.

Vanquished Creatures
  An adder (D:1)
  An ooze (D:1)
  2 leopard geckos
  A giant cockroach (D:1)
  2 goblins
  5 hobgoblins
  5 kobolds
  A quokka (D:2)
  5 bats (D:1)
  2 frilled lizards
  6 rats
31 creatures vanquished.

Notes
Turn   | Place    | Note
-------+----------+-------------------------------------------
     0 | Abyss:1  | TheGoonsmith the Kobold Abyssal Knight began the quest for
                  | the Orb.
     0 | Abyss:1  | Reached XP level 1. HP: 14/14 MP: 2/2
    91 | Abyss:1  | Noticed a small abomination
    99 | Abyss:1  | Noticed a neqoxec
   128 | Abyss:1  | Noticed a shadow dragon skeleton
   129 | Abyss:1  | Noticed a crystal guardian
   136 | D:1      | Escaped the Abyss
   154 | D:1      | Reached * piety under Lugonu
   154 | D:1      | Reached skill level 3 in Short Blades
   362 | D:1      | Reached XP level 2. HP: 18/19 MP: 3/3
   590 | D:1      | Reached XP level 3. HP: 20/23 MP: 4/4
   933 | D:1      | Reached skill level 4 in Short Blades
   943 | D:2      | Noticed a centaur
  1558 | D:2      | Slain by a centaur

Skill      XL: |  1  2  3 |
---------------+----------+-----
Short Blades   | 3 4 |  4.1
Dodging        | 3 |  3.2
Fighting       | |  3.8
Armour         | |  0.7
Invocations    | |  2.0

Action                   || total
-------------------------++-------
Melee: Short sword       ||   119
Invok: Depart the Abyss  ||     1
  Use: Potion            ||     2
  Eat: Chunk             ||     1
Armor: Ring mail         ||    51
Dodge: Dodged            ||    95
